Map: Cañón atribulado

Players

MrFercho

  • Race: Zerg Zerg
  • League: Silver
  • Spawn Location: 12:00

TATORREA

  • Race: Protoss Protoss
  • League: Silver
  • Spawn Location: 3:00

tigro

  • Race: Terran Terran
  • League: Bronze
  • Spawn Location: 12:00

Volguus - Winner!

  • Race: Protoss Protoss
  • Spawn Location: 6:00

Baker - Winner!

  • Race: Zerg Zerg
  • Spawn Location: 7:00

Jaxaire - Winner!

  • Race: Zerg Zerg
  • Spawn Location: 6:00

VOD

Have the link to the VOD?

Description

Time

  • Played on: June 16, 2020, 9:48 p.m.
  • Length: 10:46
Show
View Real Time Build Order
Export as new Build Order

MrFercho Zerg 

Build Orders: Hatch First 

Get SALT Encoding   

  12  0:01  Drone  
  13  0:19  Overlord  
  13  0:20  Drone  
  14  0:38  Drone x2  
  16  0:49  Drone  
  17  0:58  Hatchery  
  17  0:59  Drone  
  17  1:03  Drone  
  18  1:13  Drone  
  19  1:23  Spawning Pool  
  19  1:24  Drone  
  19  1:32  Extractor  
  18  1:36  Drone  
  19  1:45  Drone  
  20  1:57  Drone  
  21  2:09  Drone  
  21  2:11  Queen x2  
  21  2:12  Drone  
  27  2:26  Roach Warren  
  27  2:27  Drone x2  
  28  2:32  Overlord x2  
  31  2:51  Drone x3  
  31  3:01  Drone x2  
  33  3:07  Evolution Chamber  
  33  3:08  Drone  
  33  3:13  Extractor  
  33  3:14  Extractor  
  31  3:32  Drone x4  
  35  3:42  Zerg Missile Weapons Level 1  
  35  3:45  Lair  
  35  3:47  Queen  
  37  3:49  Drone x6  
  43  4:08  Overlord  
  43  4:09  Overlord x2  
  43  4:10  Overlord  
  43  4:36  Hatchery, Roach x8  
  58  4:39  Drone  
  58  4:43  Glial Reconstitution  
  59  5:03  Drone x7  
  66  5:15  Extractor  
  65  5:23  Overseer  
  65  5:24  Drone  
  65  5:25  Drone x2  
  65  5:26  Overlord x4  
  65  5:27  Overlord  
  65  5:28  Overlord  
  68  5:45  Drone  
  68  5:46  Drone x2  
  71  5:50  Drone x2  
  71  5:51  Drone  
  71  5:55  Drone x5  
  79  6:09  Hydralisk Den  
  78  6:15  Spire  
  78  6:17  Spire  
  78  6:18  Drone x5  
  80  6:19  Drone  
  68  7:03  Spore Crawler  
  68  7:08  Spine Crawler x2  
  66  7:09  Spine Crawler  
  66  7:12  Roach x10  
  84  7:26  Evolution Chamber  
  84  7:29  Overseer  
  83  7:40  Mutalisk x8  
  77  8:01  Spore Crawler  
  77  8:02  Mutalisk x3  
  82  8:10  Extractor  
  81  8:14  Extractor  
  76  8:25  Mutalisk x3  
  68  8:36  Mutalisk x8  
  73  8:50  Mutalisk  
  73  8:51  Mutalisk x7  
  61  9:13  Mutalisk x7  
  69  9:26  Mutalisk x4  
  77  9:39  Mutalisk  
  77  9:40  Mutalisk x2  
  77  9:42  Mutalisk x2  
  87  9:51  Mutalisk  
Show
View Real Time Build Order
Export as new Build Order

TATORREA Protoss 

Build Orders:  

Get SALT Encoding   

  12  0:06  Probe  
  13  0:14  Probe  
  13  0:20  Pylon  
  14  0:23  Probe  
  15  0:38  Probe  
  16  0:43  Gateway  
  16  0:58  Probe  
  17  1:05  Assimilator  
  17  1:06  Probe  
  18  1:14  Probe  
  19  1:25  Probe  
  20  1:37  Probe  
  21  1:47  Nexus  
  21  1:49  Probe  
  21  1:50  Pylon  
  22  2:00  Assimilator  
  22  2:02  Probe  
  22  2:04  Pylon  
  23  2:14  Probe  
  24  2:26  Probe  
  25  2:38  Probe, Cybernetics Core  
  25  2:41  Gateway  
  26  2:50  Probe  
  27  3:00  Probe  
  27  3:02  Probe  
  29  3:12  Probe  
  30  3:14  Probe  
  30  3:19  Twilight Council  
  31  3:21  Robotics Facility  
  31  3:24  Probe  
  32  3:27  Pylon, Probe  
  32  3:31  Pylon  
  32  3:33  Assimilator  
  33  3:35  Pylon  
  33  3:36  Probe  
  33  3:39  Probe  
  33  3:40  Assimilator  
  35  3:54  Probe x2  
  37  4:06  Probe x2  
  39  4:18  Probe x2  
  41  4:25  Nexus  
  41  4:28  Pylon  
  41  4:30  Probe  
  41  4:31  Probe  
  43  4:32  Pylon  
  43  4:36  Pylon  
  43  4:39  Warp Gate  
  43  4:41  Stalker x2  
  43  4:43  Probe x2, Observer  
  50  4:55  Probe x2  
  52  5:04  Immortal  
  56  5:07  Probe x2  
  58  5:15  Probe  
  58  5:16  Probe  
  58  5:18  Gateway x2  
  58  5:21  Gateway  
  60  5:23  Probe  
  60  5:24  Probe  
  62  5:33  Probe x2  
  62  5:37  Stalker x2  
  68  5:43  Immortal  
  68  5:44  Probe  
  68  5:45  Probe x2  
  75  5:57  Probe x3  
  78  6:09  Nexus  
  78  6:11  Pylon  
  78  6:12  Probe x3  
  78  6:14  Pylon  
  78  6:17  Assimilator  
  78  6:18  Pylon  
  81  6:21  Assimilator  
  81  6:24  Probe x3  
  84  6:27  Immortal  
  88  6:35  Stalker x3  
  90  6:42  Stalker  
  90  6:43  Stalker  
  80  6:59  Stalker  
  80  7:00  Stalker x2  
  50  7:20  Probe x2  
  46  7:24  Stalker  
  46  7:25  Stalker x3  
  46  7:26  Stalker  
  60  7:32  Probe x2  
  50  7:44  Probe x2  
Show
View Real Time Build Order
Export as new Build Order

tigro Terran 

Build Orders:  

Get SALT Encoding   

  12  0:04  SCV  
  13  0:16  SCV  
  14  0:26  Supply Depot  
  14  0:27  Refinery  
  14  0:30  SCV  
  15  0:47  SCV  
  16  0:50  Refinery  
  16  1:02  Barracks  
  16  1:09  SCV  
  17  1:21  SCV  
  17  1:25  Supply Depot  
  18  1:33  SCV  
  19  1:46  SCV  
  20  1:50  Marine  
  21  1:58  SCV  
  22  2:07  Marine  
  22  2:08  Barracks  
  23  2:10  SCV  
  24  2:23  SCV  
  24  2:25  Marine  
  26  2:33  Engineering Bay  
  26  2:37  SCV  
  26  2:43  Marine  
  28  2:57  Barracks Tech Lab  
  28  2:59  Factory  
  28  3:01  Marine, Orbital Command  
  29  3:17  Terran Infantry Weapons Level 1  
  29  3:29  Barracks Tech Lab  
  29  3:51  Starport  
  29  3:57  Factory Tech Lab  
  29  4:05  Combat Shield  
  29  4:36  Marine x2  
  29  4:37  Command Center  
  31  4:50  Stimpack  
  31  4:54  Marine x2  
  31  4:56  Medivac  
  35  5:11  Terran Infantry Armor Level 1  
  35  5:12  Marine x2  
  37  5:22  Starport  
  37  5:24  Concussive Shells  
  37  5:40  Fusion Core  
  37  5:47  Starport Tech Lab  
  37  6:01  Refinery  
  37  6:03  SCV  
  38  6:08  Refinery  
  38  6:15  SCV  
  38  6:18  Starport Tech Lab  
  39  6:27  SCV  
  39  6:30  Armory  
  31  6:39  Marine x2, SCV  
  34  6:45  Siege Tank  
  35  6:51  SCV  
  36  6:56  Marine  
  36  6:57  Marine  
  38  7:05  Neosteel Armor  
  38  7:14  Marine x2  
  32  7:32  Marine x2  
  32  7:37  Viking  
  35  7:41  Viking  
  37  7:50  Marine x2  
  37  8:08  Marine  
  41  8:16  Factory Tech Lab  
Show
View Real Time Build Order
Export as new Build Order

Volguus Protoss - Winner!

Build Orders: Dark Templar Rush 

Get SALT Encoding   

  12  0:01  Probe  
  13  0:14  Pylon  
  13  0:18  Probe  
  14  0:26  Probe  
  14  0:34  Probe  
  16  0:44  Gateway  
  16  0:45  Probe  
  17  0:55  Pylon  
  17  1:00  Assimilator  
  17  1:04  Assimilator  
  17  1:05  Probe  
  18  1:13  Probe  
  19  1:22  Probe  
  20  1:58  Zealot  
  22  2:04  Cybernetics Core  
  22  2:08  Forge  
  22  2:16  Nexus  
  22  2:20  Pylon  
  22  2:25  Zealot  
  22  2:27  Probe  
  25  2:35  Probe  
  25  2:43  Probe  
  26  2:50  Twilight Council  
  27  2:54  Probe  
  27  2:57  Pylon  
  28  3:13  Assimilator  
  28  3:14  Probe  
  28  3:17  Assimilator  
  29  3:22  Stalker  
  29  3:26  Probe  
  32  3:34  Dark Shrine  
  32  3:43  Gateway  
  32  3:51  Pylon  
  32  3:53  Probe  
  33  4:05  Probe  
  34  4:16  Stalker  
  36  4:25  Gateway  
  36  4:26  Gateway  
  36  4:30  Probe x2  
  38  4:40  Stalker  
  38  4:42  Probe x2  
  42  4:48  Dark Templar  
  44  4:54  Probe  
  45  5:00  Probe  
  46  5:08  Probe  
  46  5:10  Dark Templar  
  46  5:14  Dark Templar  
  51  5:15  Dark Templar  
  51  5:18  Probe  
  54  5:28  Dark Templar  
  56  5:35  Probe  
  56  5:36  Probe  
  58  5:43  Probe  
  58  5:45  Probe  
  58  5:49  Dark Templar  
  62  5:53  Probe, Dark Templar  
  62  5:54  Pylon, Probe  
  66  5:59  Pylon  
  66  6:04  Probe  
  66  6:06  Probe  
  66  6:08  Stalker  
  70  6:12  Stalker  
  72  6:46  Shadow Stride  
  70  6:49  Blink  
  68  7:13  Dark Templar  
  68  7:14  Dark Templar x3  
  76  7:52  Stalker x2  
  76  7:53  Stalker x2  
  76  7:55  Pylon  
  76  7:56  Pylon  
  84  7:59  Pylon  
  84  8:03  Pylon  
  84  8:05  Pylon  
  84  8:11  Nexus  
  84  8:18  Nexus  
  84  8:19  Pylon  
  84  8:22  Stalker x2  
  84  8:23  Stalker  
  84  8:24  Pylon  
Show
View Real Time Build Order
Export as new Build Order

Baker Zerg - Winner!

Build Orders: Hatch First 

Get SALT Encoding   

  12  0:03  Drone  
  13  0:12  Overlord  
  13  0:18  Drone  
  14  0:31  Drone x2  
  16  0:35  Drone  
  17  0:45  Drone  
  18  0:56  Drone  
  19  1:07  Drone  
  20  1:11  Hatchery  
  20  1:18  Drone  
  20  1:23  Spawning Pool  
  19  1:26  Extractor  
  19  1:28  Drone  
  19  1:40  Drone  
  20  1:50  Drone  
  21  2:09  Drone  
  22  2:16  Overlord  
  22  2:21  Extractor  
  21  2:24  Drone x2  
  23  2:31  Queen x2  
  23  2:33  Drone  
  23  2:36  Drone  
  29  2:43  Drone  
  30  2:45  Drone  
  31  2:55  Overlord  
  31  2:56  Drone  
  32  3:01  Roach Warren  
  32  3:05  Drone  
  32  3:10  Drone  
  33  3:36  Overlord  
  33  3:37  Drone x3  
  33  3:39  Lair  
  36  3:44  Drone x2  
  36  3:45  Drone x6  
  44  3:49  Extractor  
  44  3:51  Extractor  
  44  3:53  Drone  
  44  3:55  Drone  
  44  4:04  Drone  
  44  4:06  Drone  
  46  4:13  Drone x3  
  49  4:19  Drone x3  
  52  4:25  Overlord x2  
  52  4:37  Overlord x2  
  52  4:38  Glial Reconstitution  
  52  4:44  Roach  
  52  4:45  Roach  
  56  4:48  Roach x6  
  68  4:57  Roach  
  68  4:59  Roach  
  72  5:08  Roach  
  72  5:12  Roach  
  76  5:18  Roach  
  76  5:19  Roach x2  
  76  5:21  Overlord  
  82  5:30  Roach  
  82  5:31  Hatchery  
  82  5:32  Overlord x3  
  83  5:40  Roach  
  85  5:51  Roach x6  
  97  6:01  Roach x3  
  103  6:04  Overseer  
  103  6:07  Roach  
  105  6:12  Roach  
  105  6:16  Roach  
  109  6:21  Roach x3  
  109  6:22  Overlord  
  109  6:23  Overlord x2  
  111  6:35  Roach x2  
  107  6:45  Roach  
  107  6:46  Roach x2  
  109  6:56  Roach  
  109  6:57  Roach x2  
  111  7:04  Queen  
  111  7:06  Roach x3  
  119  7:13  Roach x2  
  123  7:22  Roach  
  123  7:23  Roach x2  
  127  7:35  Roach  
  127  7:36  Roach x6  
  137  7:37  Overlord x3  
  137  7:47  Overlord  
  137  7:48  Overlord x2  
  137  7:49  Queen  
  137  7:55  Queen  
  139  7:59  Roach x3  
  139  8:00  Roach  
  147  8:06  Roach  
  147  8:07  Roach x4  
  153  8:30  Roach  
  153  8:31  Roach x13  
Show
View Real Time Build Order
Export as new Build Order

Jaxaire Zerg - Winner!

Build Orders: 3 Hatch before Pool 

Get SALT Encoding   

  12  0:18  Overlord, Drone  
  12  0:19  Drone  
  14  0:38  Drone  
  14  0:40  Drone  
  16  1:00  Drone  
  17  1:05  Drone  
  17  1:06  Hatchery  
  17  1:13  Drone  
  18  1:29  Drone  
  19  1:36  Hatchery  
  18  1:48  Drone x2  
  20  2:11  Extractor  
  20  2:14  Extractor, Drone x2  
  20  2:20  Drone x2  
  20  2:21  Spawning Pool  
  21  2:35  Drone x2  
  23  2:43  Drone x2  
  25  2:48  Drone  
  25  2:50  Drone  
  27  2:51  Drone  
  28  2:59  Evolution Chamber  
  28  3:05  Evolution Chamber  
  26  3:06  Drone x3  
  26  3:08  Queen x2  
  33  3:20  Drone  
  33  3:23  Overlord  
  34  3:28  Overlord  
  34  3:33  Overlord  
  34  3:39  Overlord  
  34  3:41  Queen  
  34  3:46  Lair  
  36  4:15  Drone x9  
  45  4:46  Hydralisk Den  
  45  4:51  Infestation Pit  
  43  4:53  Zerg Ground Armor Level 1  
  43  4:55  Zerg Missile Weapons Level 1  
  43  5:03  Extractor  
  43  5:06  Extractor  
  41  5:18  Extractor  
  41  5:20  Extractor, Overlord x5  
  41  5:21  Overlord x5  
  39  5:22  Overlord  
  39  5:24  Drone x3  
  39  5:25  Drone  
  43  5:37  Drone x3  
  43  5:38  Drone x2  
  48  5:51  Drone x7  
  55  6:00  Muscular Augments  
  55  6:05  Drone x4  
  55  6:07  Drone  
  55  6:10  Hydralisk  
  62  6:12  Hydralisk  
  62  6:16  Hydralisk  
  66  6:20  Hydralisk  
  66  6:23  Hydralisk  
  70  6:27  Hydralisk  
  70  6:32  Hydralisk x2  
  76  6:42  Hydralisk x3  
  82  6:47  Hydralisk x2  
  82  6:52  Hydralisk  
  88  6:59  Hydralisk x2  
  88  7:00  Hydralisk  
  94  7:11  Drone, Grooved Spines  
  94  7:13  Drone x5  
  94  7:14  Drone x3  
  103  7:15  Drone  
  104  7:23  Hydralisk x2  
  104  7:24  Hydralisk  
  104  7:25  Hydralisk  
  112  7:39  Hydralisk x4  
  112  7:40  Hydralisk  
  122  7:58  Hydralisk x6  
  122  7:59  Hydralisk x2  
  122  8:05  Hydralisk x2  
  138  8:06  Hydralisk  
  144  8:21  Zerg Ground Armor Level 2  
  144  8:22  Zerg Missile Weapons Level 2  
  144  8:23  Hydralisk x3  
  144  8:24  Hydralisk  
  150  8:43  Overlord  
  150  8:46  Overlord  
  150  8:47  Overlord x12  
  150  8:49  Hydralisk  
  152  9:02  Hydralisk x5  
  164  9:11  Hydralisk x2  
  164  9:16  Hydralisk  
  164  9:17  Hydralisk x6  
  168  9:19  Hydralisk x3  
  168  9:24  Hydralisk  
  188  10:12  Hydralisk  
  188  10:13  Hydralisk x5  
Tags
 
Add a new tag
Caveats
  • Supply blocks, unpowered buildings, or Contaminate may cause inaccurate times.
  • Supply counts are checked every 10 seconds.